 Dungeon Crawl Stone Soup version 0.26-a0-752-gcff87cac9a (webtiles) character file.

Game seed: 13186099143521482994

26494 GordonOverkill the Gelid (level 13, -10/91 HPs)
             Began as a Barachi Ice Elementalist on Nov 6, 2020.
             Was a High Priest of Vehumet.
             Mangled by a swamp worm (17 damage)
             ... on level 4 of the Lair of Beasts.
             The game lasted 00:41:41 (19321 turns).

GordonOverkill the Gelid (BaIE)                    Turns: 19321, Time: 00:41:42

Health: -10/91     AC: 10    Str:  8    XL:     13   Next: 26%
Magic:  29/29      EV: 17    Int: 18    God:    Vehumet [*****.]
Gold:   955        SH: 12    Dex: 17    Spells: 5/36 levels left

rFire    + + +     SeeInvis .   S - +2 mace of Blood {drain, rF+ MR++ Str-4 Stlth+}
rCold    . . .     Faith    .   c - +0 buckler
rNeg     . . .     Spirit   .   j - +2 robe {rF+}
rPois    +         Reflect  +   g - +0 helmet
rElec    +         Harm     .   l - +0 cloak
rCorr    .         Rampage  .   x - +1 pair of gloves of Fedhas's Anger {*Contam rElec Dex+2 Stlth+}
MR       ++...                  m - +1 pair of boots {run}
Stlth    ++++......             E - amulet of Ru's Generosity {Reflect rElec rPois Str+2 SH+5}
HPRegen  0.25/turn              I - ring of Pukhlastri {+Fly rF+}
MPRegen  0.21/turn              a - +4 ring of evasion

@: can't hop
A: +LOS, swims, slowness 1, strong legs 2
a: Hop, Renounce Religion, Evoke Flight


You were on level 4 of the Lair of Beasts.
You worshipped Vehumet.
Vehumet was extremely pleased with you.
You visited 2 branches of the dungeon, and saw 15 of its levels.
You also visited: Gauntlet.

You collected 991 gold pieces.
You spent 36 gold pieces at shops.

Inventory:

Hand Weapons
 S - the +2 mace of Blood (weapon) {drain, rF+ MR++ Str-4 Stlth+}
   (You found it on level 2 of the Lair of Beasts)

   A truly terrible weapon, it drains the life of those it strikes.
   It affects your strength (-4).
   It protects you from fire.
   It affects your resistance to hostile enchantments.
   It makes you more stealthy.
Missiles
 z - a throwing net (quivered)
 Q - 8 curare-tipped darts
Armour
 c - a +0 buckler (worn)
 g - a +0 helmet (worn)
 h - a +0 kite shield
 j - a +2 robe of fire resistance (worn)
 l - a +0 cloak (worn)
 m - a +1 pair of boots of running (worn)
 x - the +1 pair of gloves of Fedhas's Anger (worn) {*Contam rElec Dex+2 Stlth+}
   (You found it in a Gauntlet)

   It affects your dexterity (+2).
   It insulates you from electricity.
   It causes magical contamination when unequipped.
   It makes you more stealthy.
Magical Staves
 C - an uncursed staff of earth
Jewellery
 a - a +4 ring of evasion (right hand)
 y - the amulet "Qaocku" {+Fly rN+ MR+ Regen+ Int+3}
   (You took it off a minotaur in a Gauntlet)

   [amulet of regeneration]

   It affects your intelligence (+3).
   It protects you from negative energy.
   It affects your resistance to hostile enchantments.
   It lets you fly.
   It increases your rate of regeneration.
 B - an uncursed ring of protection from cold
 D - an uncursed ring of ice
 E - the amulet of Ru's Generosity (around neck) {Reflect rElec rPois Str+2 SH+5}
   (You found it on level 9 of the Dungeon)

   [amulet of reflection]

   It shields you and reflects attacks.
   It affects your strength (+2).
   It insulates you from electricity.
   It protects you from poison.
   It affects your SH (+5).
 F - an uncursed ring of wizardry
 G - an uncursed ring of fire
 H - a cursed -4 ring of intelligence
 I - the ring of Pukhlastri (left hand) {+Fly rF+}
   (You found it in a Gauntlet)

   [ring of flight]

   It protects you from fire.
   It lets you fly.
 L - an uncursed ring of resist corrosion
Wands
 b - a wand of iceblast (5)
 p - a wand of polymorph (8)
 t - a wand of disintegration (7)
 w - a wand of random effects (19)
 N - a wand of flame (38)
Scrolls
 n - 5 scrolls of enchant weapon
 q - 5 scrolls of teleportation
 r - 3 scrolls of remove curse
 s - 4 scrolls of identify
 u - 4 scrolls of blinking
 v - 3 scrolls of magic mapping
 J - a scroll of immolation
 P - a scroll of fear
Potions
 d - a potion of ambrosia
 e - 12 potions of curing
 f - 6 potions of mutation
 i - a potion of magic
 k - a potion of haste
 o - 6 potions of lignification
 A - 3 potions of flight
 K - a potion of heal wounds
 M - 2 potions of brilliance
 O - a potion of resistance {unknown}
 R - a potion of might


   Skills:
 - Level 5.0 Fighting
 - Level 2.1 Dodging
 - Level 1.7 Stealth
 + Level 11.5 Shields
 - Level 12.0 Spellcasting
 - Level 5.0 Conjurations
 - Level 5.0 Summonings
 - Level 15.0 Ice Magic
 - Level 5.0 Evocations


You had 5 spell levels left.
You knew the following spells:

 Your Spells              Type           Power        Failure   Level
a - Freeze                Ice            ####         0%          1
b - Frozen Ramparts       Ice            ######       1%          3
c - Hailstorm             Conj/Ice       #####...     1%          4
d - Summon Ice Beast      Ice/Summ       #####...     1%          4
e - Searing Ray           Conj           ####..       1%          2
f - Static Discharge      Conj/Air       ###.....     1%          3
g - Dazzling Flash        Conj/Hex       ###...       1%          3
h - Iskenderun's Mystic   Conj/Tloc      ###.....     6%          4
i - Spellforged Servitor  Conj/Summ      ####......   83%         7

Your spell library contained the following spells:

 Spells                   Type           Power        Failure   Level
 Foxfire                  Conj/Fire      ###.         1%          1
 Magic Dart               Conj           ####         1%          1
 Sandblast                Erth           ##....       1%          1
 Summon Small Mammal      Summ           ####         1%          1
 Call Imp                 Summ           ####....     1%          2
 Conjure Flame            Conj/Fire      ###.....     1%          3
 Ozocubu's Armour         Ice            ######..     1%          3
 Stone Arrow              Conj/Erth      ###...       1%          3
 Call Canine Familiar     Summ           ####....     2%          3
 Mephitic Cloud           Conj/Pois/Air  ###.....     2%          3
 Fulminant Prism          Conj/Hex       ###.......   6%          4
 Summon Guardian Golem    Hex/Summ       ###.....     7%          3
 Passwall                 Tmut/Erth      ##......     10%         2
 Poisonous Vapours        Pois/Air       ##....       10%         2
 Summon Lightning Spire   Summ/Air       ###.....     22%         4
 Lee's Rapid Deconstruct  Erth           ##........   41%         5
 Petrify                  Tmut/Erth      ##......     54%         4
 Freezing Cloud           Conj/Ice/Air   ####......   17%         6


Dungeon Overview and Level Annotations

Branches:
Dungeon (11/15)            Temple (0/1) D:5            Lair (4/6) D:10
  Swamp (0/4) Lair:4          Orc (0/2) D:10        Gauntlet (visited)
  Snake: Lair:2-4    Spider: Lair:2-4

Altars:
Dithmenos
Elyvilon
Fedhas
Makhleb
Nemelex Xobeh
Vehumet
Xom
Yredelemnul

Shops:
D:5 ?   D:10 =

Annotations:
D:3 2 transporters, Ignak's ghost, amateur GnEn
D:10 3 runed translucent doors, martbhell's ghost, novice MiBe


Innate Abilities, Weirdness & Mutations

You can be seen from farther away. (+LOS)
You can swim through water.
You cover ground slowly.
You can hop long distances.


Message History

The harpoon shot hits the swamp worm.
You are confused.
You feel invigorated. The swamp worm bites you. x2
You're too confused to move!
The swamp worm bites you.
The swamp worm fires a harpoon shot at you.
The harpoon shot hits you.
You are yanked forward by the harpoon shot.
You bump into the rock wall.
The swamp worm bites you!!
* * * LOW HITPOINT WARNING * * *
You bump into the rock wall.
You feel less invigorated.
You feel less confused. The swamp worm bites you!
* * * LOW HITPOINT WARNING * * *
The swamp worm fires a harpoon shot at you.
The harpoon shot hits you!
* * * LOW HITPOINT WARNING * * *
You are yanked forward by the harpoon shot.
You block the bog body's attack. The swamp worm bites you!
You die...

♣≈..≈♣ ##..##...... ###
♣≈.♣≈♣ ### #.#.##......
#.♣♣♣≈..♣♣♣#.###...###).###
##.♣♣♣..≈♣♣.###P..#####.##.
##.♣≈..≈♣.♣# ##...........
#..♣≈.♣≈♣.## #.P.P.##..##
#..♣≈..≈♣.=# #.P.PP#....#
##.♣≈w♣≈♣.P# #.P.P###.###
##.♣♣n.♣♣@.# #.P.P.......
#...♣..♣nw## ##P.P.#...#.
###.♣..♣.## ##P.P.#...#P
#..⌠⌠..# #.P.P.##..##
##....## ##.....#.P# #P...#
#........## ##...#
#......#.# #..(# ###.(.#..#
##..# #..†#..#


You could see a bog body and a swamp worm.

Vanquished Creatures
  A minotaur (Gauntlet)
  A hydra (D:11)
  Harold (D:7)
  A two-headed ogre (D:8)
  A wretched star (Gauntlet)
  2 bog bodies (Lair:4)
  A cyclops (D:11)
  9 elephants
  2 black mambas (Lair:2)
  A rust devil (Gauntlet)
  Maggie (D:6)
  2 cane toads (Lair:2)
  3 komodo dragons
  3 trolls
  Prince Ribbit (D:7)
  3 polar bears (Lair:3)
  4 blink frogs (Lair:3)
  A wraith (D:11)
  A shadow (D:10)
  Sigmund (D:5)
  A ynoxinul (Gauntlet)
  7 wyverns
  25 yaks
  Grum (Lair:1)
  3 basilisks
  A neqoxec (Gauntlet)
  2 swamp worms (Lair:4)
  A soldier ant (D:11)
  Duvessa (D:7)
  4 water moccasins
  An ice beast (D:9)
  2 orc warriors
  7 ogres
  4 black bears
  3 sky beasts
  11 wolves
  A phantom (D:4)
  6 centaurs
  2 small abominations (Gauntlet)
  Blork the orc (D:6)
  A big kobold (D:11)
  12 bullfrogs
  A wyvern skeleton (D:6)
  Dowan (D:7)
  4 scorpions
  5 wights (D:9)
  An electric eel (Lair:1)
  2 howler monkeys (D:11)
  A bullfrog zombie (D:7)
  6 hounds
  3 jellies
  6 orc priests
  A centaur skeleton (D:4)
  6 orc wizards
  2 iron imps (Gauntlet)
  8 iguanas
  7 worker ants
  A hound zombie (D:9)
  2 howler monkey zombies
  3 worker ant zombies
  4 gnolls (D:6)
  A howler monkey skeleton (D:4)
  10 adders
  2 shadow imps
  2 white imps
  2 ufetubi (D:8)
  An ooze (D:3)
  An adder skeleton (D:4)
  2 worms
  A dart slug (D:4)
  8 leopard geckos
  19 orcs
  2 ball pythons
  6 giant cockroaches
  7 goblins
  14 hobgoblins
  4 jackals (D:4)
  7 quokkas
  7 bats
  5 frilled lizards
  A jackal skeleton (D:5)
  8 kobolds
  A quokka skeleton (D:9)
  5 rats
  A spectral orc (D:2)
318 creatures vanquished.

Vanquished Creatures (collateral kills)
  An oklob plant (Lair:1)
  2 rime drakes
  A polar bear (Lair:3)
  A raiju (Gauntlet)
  A basilisk (Lair:2)
  A steam dragon (Gauntlet)
  2 water moccasins
  A hornet zombie (D:11)
  An ice beast (D:11)
  A black bear (D:11)
  4 wights (D:9)
16 creatures vanquished.

Vanquished Creatures (others)
  An unseen horror (D:11)
  A bush (Lair:4)
  2 demonic plants (Gauntlet)
  10 fungi
  38 plants
52 creatures vanquished.

Grand Total: 386 creatures vanquished

Notes
Turn   | Place    | Note
-------+----------+-------------------------------------------
     0 | D:1      | GordonOverkill the Barachi Ice Elementalist began the quest
                  | for the Orb.
     0 | D:1      | Reached XP level 1. HP: 13/13 MP: 3/3
   174 | D:1      | Reached XP level 2. HP: 17/20 MP: 1/5
   253 | D:1      | Reached skill level 5 in Ice Magic
   313 | D:1      | Reached skill level 1 in Fighting
   735 | D:1      | Reached XP level 3. HP: 26/26 MP: 4/7
   750 | D:1      | Learned a level 3 spell: Frozen Ramparts
  1489 | D:2      | Reached XP level 4. HP: 27/33 MP: 6/9
  1559 | D:2      | Found a radiant altar of Vehumet.
  1577 | D:2      | Became a worshipper of Vehumet
  1611 | D:2      | Found a basalt altar of Yredelemnul.
  1901 | D:2      | Found a faded altar of an unknown god.
  2864 | D:3      | Noticed Ignak's ghost (amateur GnEn)
  2865 | D:3      | Found a transporter.
  2866 | D:3      | Found a transporter.
  2866 | D:3      | Noticed an ogre
  2973 | D:3      | Reached XP level 5. HP: 22/39 MP: 1/11
  3640 | D:4      | Got a bloodstained spear
  3641 | D:4      | Identified the cursed +2 spear of Qussecs {speed, rPois
                  | Dex+4} (You found it on level 4 of the Dungeon)
  3672 | D:4      | Noticed a phantom
  3697 | D:4      | Killed a phantom
  3697 | D:4      | Reached XP level 6. HP: 34/47 MP: 9/12
  3804 | D:4      | Reached * piety under Vehumet
  3804 | D:4      | Offered knowledge of Foxfire by Vehumet.
  3804 | D:4      | Reached skill level 6 in Ice Magic
  3809 | D:4      | Reached skill level 5 in Spellcasting
  4369 | D:4      | Noticed a troll
  4429 | D:4      | Killed a troll
  4429 | D:4      | Reached XP level 7. HP: 19/55 MP: 9/15
  4974 | D:5      | Entered Level 5 of the Dungeon
  5019 | D:5      | Found a sparkling altar of Nemelex Xobeh.
  5020 | D:5      | Found a white marble altar of Elyvilon.
  5036 | D:5      | Found a shimmering altar of Xom.
  5063 | D:5      | Found Furr's Magic Scroll Boutique.
  5072 | D:5      | Bought a scroll of remove curse for 36 gold pieces
  5167 | D:5      | Found a staircase to the Ecumenical Temple.
  5183 | D:5      | Reached skill level 7 in Ice Magic
  5212 | D:5      | Learned a level 4 spell: Hailstorm
  5217 | D:5      | Learned a level 4 spell: Summon Ice Beast
  5397 | D:5      | Noticed Sigmund
  5409 | D:5      | Killed Sigmund
  5409 | D:5      | Reached skill level 5 in Fighting
  5409 | D:5      | Reached XP level 8. HP: 62/62 MP: 13/18
  5611 | D:5      | Found a shadowy altar of Dithmenos.
  5611 | D:5      | Found a burning altar of Makhleb.
  5818 | D:5      | Learned a level 1 spell: Foxfire
  6208 | D:6      | Noticed Blork the orc
  6219 | D:6      | Killed Blork the orc
  6481 | D:6      | Found a white marble altar of Elyvilon.
  6511 | D:6      | Reached skill level 8 in Ice Magic
  6650 | D:6      | Got a jewelled ring mail
  6661 | D:6      | Identified the +2 ring mail of the Trilobite {rC- Regen+
                  | Str+4} (You found it on level 6 of the Dungeon)
  6711 | D:6      | Noticed Maggie
  6729 | D:6      | Killed Maggie
  6729 | D:6      | Reached skill level 9 in Ice Magic
  6729 | D:6      | Reached XP level 9. HP: 55/68 MP: 5/21
  6986 | D:6      | Reached skill level 10 in Ice Magic
  7031 | D:7      | Noticed Harold
  7065 | D:7      | Noticed Prince Ribbit
  7087 | D:7      | Reached skill level 1 in Evocations
  7195 | D:7      | Killed Prince Ribbit
  7313 | D:7      | Noticed Duvessa
  7313 | D:7      | Noticed Dowan
  7321 | D:7      | Killed Duvessa
  7323 | D:7      | Killed Dowan
  7441 | D:7      | Killed Harold
  7616 | D:7      | Reached skill level 11 in Ice Magic
  7754 | D:7      | Reached ** piety under Vehumet
  7754 | D:7      | Offered knowledge of Searing Ray by Vehumet.
  7797 | D:7      | Learned a level 2 spell: Searing Ray
  7913 | D:8      | Noticed a two-headed ogre
  7924 | D:8      | Reached XP level 10. HP: 74/74 MP: 19/23
  7928 | D:8      | Killed a two-headed ogre
  7928 | D:8      | Reached skill level 1 in Shields
  7928 | D:8      | Reached skill level 1 in Conjurations
  7928 | D:8      | Reached skill level 1 in Summonings
  7928 | D:8      | Reached skill level 5 in Evocations
  8050 | D:8      | Found a blossoming altar of Fedhas.
  8835 | D:9      | Offered knowledge of Static Discharge by Vehumet.
  8840 | D:9      | Learned a level 3 spell: Static Discharge
  9138 | D:9      | Got a twitching crystal amulet
  9639 | D:9      | Reached *** piety under Vehumet
 10140 | D:10     | Entered Level 10 of the Dungeon
 10211 | D:10     | Identified the amulet of Ru's Generosity {Reflect rElec
                  | rPois Str+2 SH+5} (You found it on level 9 of the Dungeon)
 10381 | D:10     | Found a staircase to the Orcish Mines.
 10480 | D:10     | Found Ybuoggap's Jewellery Boutique.
 10543 | D:10     | Found a staircase to the Lair.
 10544 | D:10     | Reached XP level 11. HP: 63/79 MP: 13/24
 10701 | D:10     | Offered knowledge of Dazzling Flash by Vehumet.
 10866 | D:10     | Reached skill level 12 in Ice Magic
 11100 | D:10     | Found a runed translucent gate.
 11100 | D:10     | Found a runed translucent gate.
 11100 | D:10     | Found a runed translucent gate.
 11103 | D:10     | Noticed martbhell's ghost (novice MiBe)
 11104 | D:10     | Noticed a ten-headed hydra
 11142 | D:10     | Reached skill level 10 in Spellcasting
 11476 | D:11     | Killed an unseen horror
 11476 | D:11     | Reached skill level 5 in Summonings
 11608 | D:11     | Noticed a seven-headed hydra
 11627 | D:11     | Reached **** piety under Vehumet
 11672 | D:10     | HP: 1/79 [something (19)]
 12105 | D:10     | Found a staircase to the Lair.
 12177 | D:10     | Found a runed translucent gate.
 12177 | D:10     | Found a runed translucent gate.
 12177 | D:10     | Found a runed translucent gate.
 12213 | D:10     | Found a staircase to the Orcish Mines.
 12247 | D:10     | Found Ybuoggap's Jewellery Boutique.
 12453 | D:11     | Learned a level 3 spell: Dazzling Flash
 12709 | D:11     | Reached skill level 5 in Shields
 12709 | D:11     | Reached skill level 5 in Conjurations
 13047 | D:11     | Offered knowledge of Iskenderun's Mystic Blast by Vehumet.
 13053 | D:11     | Learned a level 4 spell: Iskenderun's Mystic Blast
 13126 | D:11     | Noticed a cyclops
 13129 | D:11     | Killed a cyclops
 13277 | D:11     | Noticed a five-headed hydra
 13299 | D:11     | Killed a five-headed hydra
 13599 | Lair:1   | Entered Level 1 of the Lair of Beasts
 13599 | Lair:1   | Noticed an oklob plant
 13611 | Lair:1   | Killed an oklob plant
 13955 | Lair:1   | Noticed Grum
 13963 | Lair:1   | Reached skill level 13 in Ice Magic
 13966 | Lair:1   | Killed Grum
 14644 | Lair:2   | Reached XP level 12. HP: 72/86 MP: 22/27
 14678 | Lair:2   | Found a gate leading to a gauntlet.
 14688 | Gauntlet | Entered a Gauntlet
 14688 | Gauntlet | Found a runed translucent door.
 14688 | Gauntlet | Found a transporter.
 14688 | Gauntlet | Found a runed translucent door.
 14688 | Gauntlet | Found a transporter.
 14752 | Gauntlet | Found a transporter.
 14768 | Gauntlet | Found a transporter.
 14768 | Gauntlet | Found a transporter.
 14770 | Gauntlet | Found a transporter.
 14771 | Gauntlet | Found a transporter.
 14772 | Gauntlet | Found a transporter.
 14777 | Gauntlet | Noticed a hell beast
 14781 | Gauntlet | Found a transporter.
 14797 | Gauntlet | Found a transporter.
 14804 | Gauntlet | Noticed a wretched star
 14807 | Gauntlet | Found a transporter.
 14823 | Gauntlet | Found a transporter.
 14841 | Gauntlet | Found a transporter.
 14843 | Gauntlet | Found a runed translucent gate.
 14843 | Gauntlet | Found a runed translucent gate.
 14843 | Gauntlet | Found a runed translucent gate.
 14852 | Gauntlet | Found a transporter.
 15191 | Gauntlet | Identified a +1 pair of boots of running (You found it in a
                  | Gauntlet)
 15235 | Gauntlet | Killed a wretched star
 15450 | Gauntlet | Got a pair of pitted gloves
 15461 | Gauntlet | Identified the +1 pair of gloves of Fedhas's Anger {*Contam
                  | rElec Dex+2 Stlth+} (You found it in a Gauntlet)
 15498 | Gauntlet | Identified the amulet "Qaocku" {+Fly rN+ MR+ Regen+ Int+3}
 15498 | Gauntlet | Noticed a minotaur
 15544 | Gauntlet | Killed a minotaur
 15571 | Gauntlet | Got a shimmering glass ring
 16194 | Lair:2   | Reached skill level 14 in Ice Magic
 16330 | Lair:2   | You fall into a shaft and drop 1 floor!
 17131 | Lair:2   | Got an ichor-stained mace
 17132 | Lair:2   | Identified the +2 mace of Blood {drain, rF+ MR++ Str-4
                  | Stlth+} (You found it on level 2 of the Lair of Beasts)
 17136 | Lair:2   | Identified the ring of Pukhlastri {+Fly rF+} (You found it
                  | in a Gauntlet)
 17401 | Lair:3   | Reached ***** piety under Vehumet
 17401 | Lair:3   | Offered knowledge of Spellforged Servitor by Vehumet.
 17412 | Lair:3   | Learned a level 7 spell: Spellforged Servitor
 17931 | Lair:3   | Gained mutation: You can hop long distances. [Barachi
                  | growth]
 17931 | Lair:3   | Reached XP level 13. HP: 91/91 MP: 12/29
 18289 | Lair:4   | Reached skill level 10 in Shields
 18302 | Lair:4   | Reached skill level 15 in Ice Magic
 19293 | Lair:4   | Found a staircase to the Swamp.
 19321 | Lair:4   | Mangled by a swamp worm

Illustrated notes

Levels and vault maps discovered:
D:1:      lemuel_arrival_hallway, layout_basic
D:2:      layout_rooms, yredelemnul_forgotten_temple_becter,
          lemuel_crystal_altar, chequers_ecumenical_altar_grove
D:3:      layout_loops_ring, gammafunk_ghost_arena
D:4:      layout_rooms
D:5:      layout_loops_ring, minitemple, amethyst_overflow_temple_binary,
          minmay_temple_entry_junction, serial_shops, nicolae_shop_statue_plus,
          uniq_sigmund
D:6:      layout_basic, elyvilon_altar_1, uniq_blork_the_orc, uniq_maggie
D:7:      layout_rooms, uniq_duvessa, uniq_prince_ribbit1, uniq_harold
D:8:      layout_loops_cross, fedhas_altar_1
D:9:      layout_irregular_city
D:10:     layout_irregular_city, minmay_lair_entry_grove, david_orc_3,
          serial_shops, shop, gammafunk_ghost_hydra_chop
D:11:     layout_roguey
Lair:1:   layout_chaotic_city, nicolae_quartered_pool_medium,
          dpeg_stationary_puzzle, uniq_grum
Lair:2:   layout_regular_city, gauntlet_entry_generic,
          infiniplex_staircase_pool_2, grunt_megastairs_3
Lair:3:   beast_lair_carwin_large_2, layout_regular_city
Lair:4:   layout_loops_ring, nicolae_swamp_entry_splash_gauntlet,
          spider_nest_entry_funnel_web, serial_forest,
          infiniplex_forest_clump_curved, infiniplex_forest_clump_large,
          infiniplex_forest_lined_ring, infiniplex_forest_end_3,
          infiniplex_forest_clump_small, infiniplex_forest_zigzag_1,
          infiniplex_forest_clump_long, infiniplex_forest_lined_room_2,
          infiniplex_forest_straight_3, st_stairs_6

Skill      XL: |  1  2  3  4  5  6  7  8  9 10 11 12 13 |
---------------+----------------------------------------+-----
Ice Magic      | 5 6 7 9 11 13 14 15 | 15.0
Fighting       | 1 2 3 4 5 |  5.0
Spellcasting   | 3 4 5 7 8 9 11 12 | 12.0
Evocations     | 4 5 |  5.0
Shields        | 4 7 9 11 | 11.5
Conjurations   | 4 5 |  5.0
Summonings     | 4 5 |  5.0
Dodging        | |  2.1
Stealth        | |  1.7

Action                   |  1- 3 |  4- 6 |  7- 9 | 10-12 | 13-15 || total
-------------------------+-------+-------+-------+-------+-------++-------
Melee: Dagger            |    23 |    32 |       |       |       ||    55
       Spear             |       |    27 |    83 |   184 |       ||   294
       Mace              |       |       |       |     9 |     9 ||    18
Throw: Javelin           |       |       |     7 |    10 |       ||    17
       Throwing net      |       |       |       |     1 |       ||     1
 Cast: Freeze            |    38 |    57 |    65 |   217 |    48 ||   425
       Frozen Ramparts   |     2 |    22 |    30 |    76 |     8 ||   138
       Hailstorm         |       |       |     6 |    57 |     6 ||    69
       Foxfire           |       |       |     1 |       |       ||     1
       Summon Ice Beast  |       |       |       |    47 |     3 ||    50
 Abil: Hop               |       |     1 |       |     1 |     2 ||     4
Evoke: Wand              |       |     6 |     2 |     7 |     4 ||    19
  Use: Scroll            |     2 |     7 |    10 |    10 |     1 ||    30
       Potion            |       |     1 |     2 |     4 |     1 ||     8
 Stab: Distracted        |       |       |     1 |       |       ||     1
       Sleeping          |       |       |     1 |       |       ||     1
Armor: Robe              |    23 |    21 |    13 |    64 |    13 ||   134
Dodge: Dodged            |    50 |    95 |    74 |   195 |    50 ||   464
Block: Other             |       |       |    23 |     2 |       ||    25
       Reflection        |       |       |     2 |    11 |     1 ||    14
       Buckler           |       |       |       |   204 |    64 ||   268

Table legend: (Time is in decaauts)
 A = Elapsed time spent in this place.
 B = Non-inter-level travel time spent in this place.
 C = Inter-level travel time spent in this place.
 D = Time resting spent in this place.
 E = Time spent auto-exploring this place.
 F = Levels seen in this place.
 G = Mean time per level.
                   A        B        C        D        E       F      G
               +--------+--------+--------+--------+--------+-----+--------+
         Total |  20715 |  19790 |    925 |   6994 |   9472 |  16 | 1294.7 |
       Dungeon |  14815 |  14038 |    777 |   4689 |   6878 |  11 | 1346.8 |
          Lair |   4973 |   4825 |    148 |   1756 |   2408 |   4 | 1243.2 |
      Gauntlet |    926 |    926 |      0 |    548 |    185 |   1 |  926.0 |
               +--------+--------+--------+--------+--------+-----+--------+

Top non-repeatable levels by time:
    D:10: 2009 daAuts
     D:9: 1788 daAuts
  Lair:3: 1653 daAuts
     D:3: 1565 daAuts
    D:11: 1503 daAuts
     D:4: 1501 daAuts
  Lair:2: 1347 daAuts
     D:6: 1315 daAuts
     D:2: 1264 daAuts
  Lair:1: 1162 daAuts
     D:1: 1057 daAuts
     D:5: 1001 daAuts
     D:8: 998 daAuts
Gauntlet: 926 daAuts
  Lair:4: 811 daAuts
